 Dungeon Crawl Stone Soup version 0.31-a0-1616-gbeaec30b81 (webtiles) character file.

Game seed: 1727998158755906716

1691 Querens the Shield-Bearer (level 9, -2/54 (71) HPs)
             Began as a Formicid Fighter on Jan 10, 2024.
             Killed by divine providence
             ... invoked by Jeremiah
              (12 damage)
             ... on level 6 of the Dungeon.
             The game lasted 00:13:58 (3581 turns).

Querens the Shield-Bearer (Formicid Fighter)        Turns: 3581, Time: 00:13:59

HP:   -2/54 (71)    AC: 15    Str: 23 (25) XL:     9   Next: 22%
MP:   9/9           EV: 11    Int:  6 (8)  God:
Gold: 220           SH:  5    Dex: 11 (13) Spells: 8/8 levels left

rFire   . . .        a - +0 war axe
rCold   . . .        c - +0 buckler
rNeg    . . .        f - +1 plate armour
rPois   .            (helmet unavailable)
rElec   .            (no cloak)
rCorr   +            (no gloves)
SInv    +            n - +0 pair of boots
Will    .....        (no amulet) Stlth
                     i - ring of resist corrosion
HPRegen 0.29/turn    l - +5 ring of evasion
MPRegen 0.11/turn

%: no passive effects
@: brilliant, heavily drained
A: permanent stasis, dig shafts and tunnels, antennae 3, four strong arms
a: Dig, Shaft Self


You were on level 6 of the Dungeon.
You visited 2 branches of the dungeon, and saw 7 of its levels.

You collected 220 gold pieces.

Inventory:

Hand Weapons
 a - a +0 war axe (weapon)
 j - a +2 falchion of flaming
Armour
 c - a +0 buckler (worn)
 f - a +1 plate armour (worn)
 n - a +0 pair of boots (worn)
Jewellery
 i - a ring of resist corrosion (left hand)
 l - a +5 ring of evasion (right hand)
 o - a ring of positive energy
Wands
 b - a wand of polymorph (12)
 A - a wand of roots (7)
 B - a wand of flame (18)
Scrolls
 d - 2 scrolls of revelation
 e - 3 scrolls of enchant armour
 k - 2 scrolls of teleportation {unknown}
 m - 2 scrolls of enchant weapon {unknown}
 r - 3 scrolls of amnesia {unknown}
 t - 2 scrolls of fog {unknown}
 u - 4 scrolls of immolation {unknown}
 y - a scroll of brand weapon {unknown}
Potions
 q - a potion of mutation
 v - 2 potions of might


   Skills:
 + Level 6.4 Fighting
 * Level 7.2 Axes
 + Level 6.4 Armour
 + Level 7.6 Shields


You had 8 spell levels left.
You didn't know any spells.
Your spell library was empty.

Dungeon Overview and Level Annotations

Branches:
Dungeon (6/15)             Temple (1/1) D:6

Altars:
Ashenzari
Fedhas
Gozag
Hepliaklqana
Nemelex Xobeh
Okawaru
Ru
Trog
Uskayaw
Vehumet
Wu Jian
Xom
Yredelemnul
Zin
The Shining One

Annotations:
D:6 Jeremiah


Innate Abilities, Weirdness & Mutations

You cannot be hasted, slowed, berserked, paralysed or teleported.
You can dig through walls and to a lower floor.
You have a pair of large antennae on your head. (SInv)
Your four strong arms can wield two-handed weapons with a shield.


Message History

You slash the butterfly!
You kill the butterfly!
The butterfly disappears in a burst of colours!
You miss the butterfly. You closely miss the butterfly.
Jeremiah shouts, "O dreadful one, destroy my foe!"
Something smites you!
* * * LOW HITPOINT WARNING * * *
Jeremiah hops!
Unknown command.
You barely miss the butterfly.
The butterfly disappears in a burst of colours!
Jeremiah shouts, "O dreadful one, destroy my foe!"
Something smites you!
* * * LOW HITPOINT WARNING * * *
Unknown command.
Unknown command.
It was a potion of degeneration.
There was something very wrong with that liquid.
You feel weakened.
You feel dopey.
You feel clumsy.
The butterfly disappears in a burst of colours!
It was a potion of haste.
Your stasis prevents you from being hasted.
The butterfly disappears in a burst of colours!
It was a potion of cancellation.
Your magical effects are unravelling.
You feel magically purged.
You feel less wooden.
Your +0 pair of boots unmelds from your body.
Your +1 plate armour unmelds from your body.
Your enlightenment fades.
Unknown command.
It was a potion of brilliance.
You feel clever all of a sudden.
The butterfly disappears in a burst of colours!
The butterfly disappears in a burst of colours! x3
The butterfly disappears in a burst of colours!
Jeremiah mumbles a slurred invocation.
Something smites you!
You die...
Jeremiah asks, "Is it over?
Can I wake up now?"

#####.######.#.###
#........[.......#
#.###.#######..#.# #.
#.# #..# #.
#{#######..# # #
#.###.b....Fbb.#.# #
#.....{...{.#.##.###
##..###.###F...b.....
#...@.....b...bb###.#
#...###[........# #..
#...# ######.##.# #..
.....<#.# #.###....#
#######.########.#
####. #..........# #.
#.########## # ##.##
##.>.########


You could see Jeremiah.

Vanquished Creatures
  Grinder (D:4)
  Sigmund (D:2)
  A sky beast (D:6)
  A phantom (D:6)
  A gnoll sergeant (D:4)
  3 scorpions
  4 wights (D:6)
  2 hounds
  2 orc priests (D:3)
  A jelly (D:4)
  2 sleepcaps (D:6)
  Natasha (thrice) (D:4)
  2 iguanas
  3 orc wizards
  9 adders
  9 gnolls
  2 white imps (D:6)
  4 ufetubi (D:6)
  4 dart slugs
  A ribbon worm (D:3)
  19 orcs
  17 ball pythons
  4 bats
  7 endoplasms
  4 giant cockroaches
  9 goblins
  5 hobgoblins
  6 jackals
  6 kobolds
  A quokka (D:2)
  2 frilled lizards
  6 rats
142 creatures vanquished.

Notes
Turn   | Place    | Note
-------+----------+-------------------------------------------
     0 | D:1      | Querens the Formicid Fighter began the quest for the Orb.
     0 | D:1      | Reached XP level 1. HP: 18/18 MP: 1/1
    91 | D:1      | Reached XP level 2. HP: 24/24 MP: 2/2
   185 | D:1      | Reached XP level 3. HP: 21/29 MP: 3/3
   660 | D:2      | Reached XP level 4. HP: 34/37 MP: 4/4
   670 | D:2      | Noticed Sigmund
   670 | D:2      | Found the +4 robe of Augmentation {Str+4 Int+4 Dex+4}
   679 | D:2      | Killed Sigmund
   680 | D:2      | Reached skill level 5 in Shields
   680 | D:2      | Reached XP level 5. HP: 14/43 MP: 5/5
   680 | D:2      | Reached XP level 6. HP: 16/49 MP: 6/6
  1744 | D:4      | Reached XP level 7. HP: 48/55 MP: 7/7
  1849 | D:4      | Noticed Grinder
  1862 | D:4      | Killed Grinder
  1863 | D:4      | Reached skill level 5 in Fighting
  1863 | D:4      | Reached skill level 5 in Axes
  1863 | D:4      | Reached skill level 5 in Armour
  1877 | D:4      | Found a hide-covered altar of Uskayaw.
  2123 | D:4      | Noticed Natasha
  2140 | D:4      | Killed Natasha
  2157 | D:4      | Noticed Natasha
  2165 | D:4      | Killed Natasha
  2166 | D:4      | Reached XP level 8. HP: 61/62 MP: 8/8
  2386 | D:4      | Noticed Natasha
  2391 | D:4      | Killed Natasha
  2517 | D:5      | Entered Level 5 of the Dungeon
  3021 | D:6      | Noticed Jeremiah
  3092 | D:6      | Found a staircase to the Ecumenical Temple.
  3126 | Temple   | Entered the Ecumenical Temple
  3371 | D:6      | Reached XP level 9. HP: 69/69 MP: 9/9
  3581 | D:6      | Killed from afar by Jeremiah

Illustrated notes

Levels and vault maps discovered:
D:1:      lemuel_arrival_broad_hall, layout_rooms
D:2:      layout_basic, minmay_tromino_i2, uniq_sigmund
D:3:      layout_basic
D:4:      layout_loops_corners, mainiacjoe_overflow_cross_hatched,
          kennysheep_another_room, chequers_serial_rivers_micro_d, uniq_natasha,
          uniq_grinder
D:5:      layout_cave_pools, kennysheep_generic_room_15
D:6:      layout_loops_ring, minmay_temple_entry_arrows, uniq_jeremiah
Temple:   nicolae_temple_ecumenical_triangle

Skill      XL: |  1  2  3  4  5  6  7  8  9 |
---------------+----------------------------+-----
Fighting       | 4 5 6 |  6.4
Axes           | 3 4 5 6 7 |  7.2
Armour         | 4 5 6 |  6.4
Shields        | 5 6 7 |  7.6

Action                     |  1- 3 |  4- 6 |  7- 9 || total
---------------------------+-------+-------+-------++-------
  Melee: War axe           |    78 |   141 |   332 ||   551
Ability: Dig               |       |     3 |       ||     3
    Use: Potion            |       |     1 |     8 ||     9
         Scroll            |       |       |     5 ||     5
 Armour: Scale mail        |    64 |    94 |    67 ||   225
         Plate armour      |       |       |   153 ||   153
         Skin              |       |       |     4 ||     4
  Dodge: Dodged            |    45 |    85 |   209 ||   339
  Block: Buckler           |    34 |    42 |   119 ||   195

Table legend: (Time is in decaauts)
 A = Elapsed time spent in this place.
 B = Non-inter-level travel time spent in this place.
 C = Inter-level travel time spent in this place.
 D = Time resting spent in this place.
 E = Time spent auto-exploring this place.
 F = Levels seen in this place.
 G = Mean time per level.
                   A        B        C        D        E       F      G
               +--------+--------+--------+--------+--------+-----+--------+
         Total |   3733 |   3621 |    112 |      0 |      0 |   7 |  533.3 |
       Dungeon |   3709 |   3597 |    112 |      0 |      0 |   6 |  618.2 |
        Temple |     23 |     23 |      0 |      0 |      0 |   1 |   23.0 |
               +--------+--------+--------+--------+--------+-----+--------+

Top non-repeatable levels by time:
     D:4: 878 daAuts
     D:3: 733 daAuts
     D:2: 639 daAuts
     D:6: 615 daAuts
     D:1: 440 daAuts
     D:5: 403 daAuts
  Temple: 23 daAuts
